 Dungeon Crawl Stone Soup version 0.31-a0-1074-g0b22e4e0f1 (console) character file.

Game seed: 2496158449412136397

4 petzl the Sneak (level 1, -1/18 HPs)
             Began as a Formicid Delver on Nov 27, 2023.
             Succumbed to a kobold's poison
             ... on level 3 of the Dungeon.
             The game lasted 00:01:54 (167 turns).

petzl the Sneak (Formicid Delver)                    Turns: 167, Time: 00:01:54

Health: -1/18      AC:  4    Str: 16    XL:     1   Next: 66%
Magic:  2/2        EV: 12    Int:  9    God:
Gold:   0          SH:  0    Dex: 15    Spells: 2/2 levels left

rFire   . . .        a - +0 mace
rCold   . . .        (no shield)
rNeg    . . .        b - +0 leather armour
rPois   .            (helmet unavailable)
rElec   .            (no cloak)
rCorr   .            (no gloves)
SInv    +            g - +0 pair of boots
Will    .....        (no amulet)
Stlth   +++          (no ring)
HPRegen 0.23/turn    (no ring)
MPRegen 0.08/turn

%: no passive effects
@: lethally poisoned (-1 -> -7)
A: permanent stasis, dig shafts and tunnels, antennae 3, four strong arms
a: Dig, Shaft Self


You were on level 3 of the Dungeon.
You visited 1 branch of the dungeon, and saw 4 of its levels.

Inventory:

Hand Weapons
 a - a +0 mace (weapon)
Armour
 b - a +0 leather armour (worn)
 g - a +0 pair of boots (worn)
Wands
 f - a wand of digging (3)
Scrolls
 c - a scroll of fog
 d - a scroll of revelation
 e - a scroll of fear


   Skills:
 - Level 3.2 Fighting
 - Level 2.0 Maces & Flails
 - Level 1.7 Dodging
 - Level 6.0 Stealth
 + Level 1.1 Spellcasting


You had 2 spell levels left.
You didn't know any spells.
Your spell library was empty.

Dungeon Overview and Level Annotations

Branches:
Dungeon (6/15)
 Temple: D:4-7

Altars:
Makhleb
Okawaru

Annotations:
D:5 exclusions: downstairs and hound, Menkaure


Innate Abilities, Weirdness & Mutations

You cannot be hasted, slowed, berserked, paralysed or teleported.
You can dig through walls and to a lower floor.
You have a pair of large antennae on your head. (SInv)
Your four strong arms can wield two-handed weapons with a shield.


Message History

You are poisoned.
You climb upwards.
You feel sick.
There is a stone staircase leading down here.
You barely miss the kobold.
You feel sick. The kobold closely misses you. The kobold completely misses you.
You closely miss the kobold.
You feel sick.
The kobold hits you with a +2 short sword of venom.
You are lethally poisoned!
You sock the kobold!
You kill the kobold!
* * * LOW HITPOINT WARNING * * *
You feel very sick.
Your life force feels restored.
Unknown command.
You aren't carrying any potions.
Unknown command.
Unknown command.
Unknown command.
Unknown command.
Press: ? - help, v - describe, . - travel, g - get item
Items here: a +2 short sword of venom; 5 stones.
The floor.
Unknown command.
Unknown command.
Okay, then.
Okay, then.
You aren't carrying any potions.
You aren't carrying any potions.
You aren't carrying any potions.
You aren't carrying any potions.
Unknown command.
* * * LOW HITPOINT WARNING * * *
You feel sick.
* * * LOW HITPOINT WARNING * * *
You feel sick.
You are too injured to fight recklessly!
You are too injured to fight recklessly!
You are too injured to fight recklessly!
You are too injured to fight recklessly!
You die... ########## #..@)....# #.######.# #

There were no monsters in sight!

Vanquished Creatures
  2 kobolds
  A quokka (D:4)
  A goblin (D:4)
4 creatures vanquished.

Notes
Turn   | Place    | Note
-------+----------+-------------------------------------------
     0 | D:5      | petzl the Formicid Delver began the quest for the Orb.
     0 | D:5      | Reached XP level 1. HP: 18/18 MP: 1/1
     1 | D:6      | Noticed a water moccasin
     6 | D:5      | Noticed a hound
    24 | D:5      | Found an iron altar of Okawaru.
    27 | D:5      | Noticed an iguana
    27 | D:5      | Noticed an iguana
    38 | D:5      | Found a burning altar of Makhleb.
    56 | D:5      | Noticed Menkaure
    56 | D:5      | Noticed an orc priest
    56 | D:5      | Noticed an iguana
    61 | D:5      | Noticed an orc priest
   110 | D:4      | Reached skill level 1 in Spellcasting
   124 | D:4      | Noticed a +0 demon trident
   167 | D:3      | Succumbed to a kobold's poison

Illustrated notes

Levels and vault maps discovered:
D:3:      layout_loops_corners, serial_shops, nicolae_shop_bloodbath_and_beyond,
          shop, nicolae_square_shop, shop, shop, hangedman_decor_opposing,
          kennysheep_nub
D:4:      layout_gridville, serial_shops, nicolae_shop_mannequins,
          minmay_misc_feat_nine_boxes, uniq_pikel
D:5:      cheibrodos_thug_alley, layout_layer_cave, okawaru_metal_pillars_1_2,
          mainiacjoe_overflow_paths, temple_green, uniq_menkaure
D:6:      layout_gridville

Skill      XL: |  1 |
---------------+----+-----
Spellcasting   | 1 |  1.1
Fighting       | |  3.2
Maces & Flails | |  2.0
Dodging        | |  1.7
Stealth        | |  6.0

Action                     || total
---------------------------++-------
  Melee: Mace              ||     9
Ability: Dig               ||     2
   Stab: Sleeping          ||     1
 Armour: Leather armour    ||     4
  Dodge: Dodged            ||     6

Table legend: (Time is in decaauts)
 A = Elapsed time spent in this place.
 B = Non-inter-level travel time spent in this place.
 C = Inter-level travel time spent in this place.
 D = Time resting spent in this place.
 E = Time spent auto-exploring this place.
 F = Levels seen in this place.
 G = Mean time per level.
                   A        B        C        D        E       F      G
               +--------+--------+--------+--------+--------+-----+--------+
         Total |    169 |    169 |      0 |      0 |     26 |   4 |   42.2 |
       Dungeon |    169 |    169 |      0 |      0 |     26 |   4 |   42.2 |
               +--------+--------+--------+--------+--------+-----+--------+

Top non-repeatable levels by time:
     D:4: 100 daAuts
     D:5: 60 daAuts
     D:3: 6 daAuts
     D:6: 1 daAuts
